 Dungeon Crawl Stone Soup version 0.23.2-1-ga50397a6bc (webtiles) character file.

Game seed: 9873287317585046282

58 Mrkan the Cudgeler (level 4, 0/28 HPs)
             Began as a Tengu Berserker on May 18, 2019.
             Was a Believer of Trog.
             Slain by an adder (3 damage)
             ... on level 2 of the Dungeon.
             The game lasted 00:01:58 (898 turns).

Mrkan the Cudgeler (Tengu Berserker)                 Turns: 898, Time: 00:01:59

Health: 0/28       AC:  2    Str: 18    XL:     4   Next: 1%
Magic:  5/5        EV: 12    Int:  8    God:    Trog [**....]
Gold:   100        SH:  0    Dex: 13    Spells: 3/3 levels left

rFire    . . .     SeeInvis .   a - +0 mace
rCold    . . .     Gourm    .   (no shield)
rNeg     . . .     Faith    .   b - +0 animal skin
rPois    .         Spirit   .   (helmet restricted)
rElec    .         Reflect  .   (no cloak)
rCorr    .         Harm     .   (no gloves)
MR       .....                  (boots unavailable)
Stlth    +.........             (no amulet)
HPRegen  0.09/turn              (no ring)
MPRegen  0.09/turn              (no ring)

@: no status effects
A: beak, talons 3
a: Berserk, Trog's Hand, Renounce Religion


You were on level 2 of the Dungeon.
You worshipped Trog.
Trog was pleased with you.
You were not hungry.

You visited 1 branch of the dungeon, and saw 2 of its levels.

You collected 100 gold pieces.

Inventory:

Hand Weapons
 a - a +0 mace (weapon)
Armour
 b - a +0 animal skin (worn)
Jewellery
 j - an uncursed ring of flight {unknown}
 l - an uncursed ring of stealth {unknown}
Scrolls
 e - a scroll of enchant weapon {unknown}
 h - 2 scrolls of teleportation {unknown}
Potions
 d - a potion of lignification {unknown}
 f - a potion of ambrosia {unknown}
 g - a potion of heal wounds {unknown}
 i - a potion of mutation {unknown}
 k - a potion of curing {unknown}
Comestibles
 c - 2 rations


   Skills:
 + Level 3.4 Fighting
 * Level 4.3 Maces & Flails
 + Level 3.0 Armour
 - Level 2.1 Dodging


You had 3 spell levels left.
You didn't know any spells.
Your spell library was empty.

Dungeon Overview and Level Annotations

Branches:
Dungeon (2/15)

Altars:


Innate Abilities, Weirdness & Mutations

You have a beak for a mouth.
You have claws for feet.


Message History

Your Armour skill increases to level 3!
You have reached level 4!
You feel clever.
An adder comes into view.
The adder hisses angrily.
An adder is nearby!
You closely miss the adder. Your kick misses the adder. The adder bites you.
You thump the adder! Your peck misses the adder.
The adder is severely wounded.
The adder misses you. The adder bites you.
* * * LOW HITPOINT WARNING * * *
You hit the adder but do no damage. Your kick misses the adder.
The adder is severely wounded.
The adder misses you.
You hit the adder but do no damage. Your peck misses the adder.
The adder is severely wounded.
The adder bites you.
* * * LOW HITPOINT WARNING * * *
The adder bites you.
You die...

...###...............# #.
.........
#...............# #.
....... ##.#.#.....#####
## ....... #.#.#.....#
....... #.#.......######
....S #.###.....##...#.##
... #.........##...#...
#.##########.....##...####
#.......S@.........)......
##################...)...#
#........ #........
#........ ##........
#......... #.........
#........#


You could see an adder.

Vanquished Creatures
  2 adders (D:2)
  An ooze (D:2)
  A dart slug (D:2)
  A leopard gecko (D:2)
  2 giant cockroaches (D:1)
  4 goblins
  4 hobgoblins
  4 ball pythons
  9 bats
  2 frilled lizards
  4 kobolds
34 creatures vanquished.

Notes
Turn   | Place    | Note
-------+----------+-------------------------------------------
     0 | D:1      | Mrkan the Tengu Berserker began the quest for the Orb.
     0 | D:1      | Reached XP level 1. HP: 14/14 MP: 2/2
     1 | D:1      | Noticed an electric eel
   272 | D:1      | Reached XP level 2. HP: 12/19 MP: 3/3
   708 | D:2      | Reached skill level 4 in Maces & Flails
   708 | D:2      | Reached XP level 3. HP: 15/23 MP: 4/4
   795 | D:2      | Reached ** piety under Trog
   860 | D:2      | Reached XP level 4. HP: 11/28 MP: 5/5
   898 | D:2      | Slain by an adder

Skill      XL: |  1  2  3 |
---------------+----------+-----
Maces & Flails | 4 |  4.3
Armour         | 3 |  3.0
Fighting       | |  3.4
Dodging        | |  2.1

Action                   |  1- 3 |  4- 6 || total
-------------------------+-------+-------++-------
Melee: Mace              |    67 |     4 ||    71
       Kick              |    22 |       ||    22
       Peck              |     2 |       ||     2
Armor: Animal skin       |    28 |       ||    28
Dodge: Dodged            |    53 |     2 ||    55
